 Dungeon Crawl Stone Soup version 0.28.0-47-ge53b351184 (webtiles) character file.

Game seed: 7244581716784590039

4 GigaChad the Insei (level 1, 0/17 HPs)
             Began as a Djinni Transmuter on Apr 26, 2022.
             Slain by a ball python (2 damage)
             ... on level 1 of the Dungeon.
             The game lasted 00:00:45 (169 turns).

GigaChad the Insei (Djinni Transmuter)               Turns: 169, Time: 00:00:45

Health: 0/17       AC:  2    Str:  9    XL:     1   Next: 66%
Gold:   8          EV:  9    Int: 14    God:
                   SH:  0    Dex: 13

rFire   + + .      SeeInvis .     - Unarmed
rCold   x . .      Faith    .   (no shield)
rNeg    . . .      Spirit   .   a - +0 robe
rPois   ∞          Reflect  .   (no helmet)
rElec   .          Harm     .   (no cloak)
rCorr   .          Rampage  .   (no gloves)
Will    .....                   (boots unavailable)
Stlth   +.........              (no amulet)
HPRegen 0.05/turn               (no ring)
MPRegen 0.00/turn               (no ring)

@: flying, constricted
A: sickness immunity, fire resistance 2, cold vulnerability 1, float, innate
caster, HP casting, extra vitality 1
a: no special abilities


You were on level 1 of the Dungeon.
You visited 1 branch of the dungeon, and saw 1 of its levels.

You collected 8 gold pieces.

Inventory:

Armour
 a - a +0 robe (worn)


   Skills:
 + Level 1.0 Fighting
 + Level 2.3 Dodging
 + Level 3.1 Unarmed Combat
 + Level 1.6 Spellcasting


You couldn't memorise any spells.
You knew the following spells:

 Your Spells              Type           Power      Damage    Failure   Level
a - Beastly Appendage     Tmut           10%        N/A       12%         1
b - Wereblood             Tmut           5%         N/A       19%         2
c - Spider Form           Tmut/Pois      5%         N/A       36%         3
d - Ice Form              Ice/Tmut       5%         N/A       77%         4
Your spell library was empty.

Dungeon Overview and Level Annotations

Branches:
Dungeon (1/15)

Altars:

Shops:
D:1 (


Innate Abilities, Weirdness & Mutations

You are immune to sickness and miasma.
You are immune to poison.
Your flesh is very heat resistant. (rF++)
You are vulnerable to cold. (rC-)
You float through the air rather than walking.
You learn spells naturally, not from books.
Your magical power is your life essence.
You have superior vitality. (+4 MHP)


Message History

You grow a pair of large bovine horns.
Your transformation is almost over.
A goblin and a ball python come into view.
The goblin shouts!
The giant cockroach bites you but does no damage.
The giant cockroach bites you.
The ball python hisses angrily.
You hit the giant cockroach. You headbutt the giant cockroach.
You kill the giant cockroach!
You see here a giant cockroach corpse.
The goblin barely misses you.
The ball python barely misses you. x2; The goblin hits you but does no damage.
You see here a giant cockroach corpse.
You barely miss the goblin. The ball python bites you.
The ball python grabs you. The ball python constricts you.
The goblin hits you with a +0 dagger. The ball python misses you.
The ball python constricts you.
You hit the goblin but do no damage. The goblin hits you with a +0 dagger.
The ball python bites you but does no damage.
The ball python constricts you.
You closely miss the goblin. The goblin hits you with a +0 dagger.
The ball python bites you.
* * * LOW HITPOINT WARNING * * *
The ball python constricts you.
You closely miss the goblin.
Your horns disappear.
The goblin closely misses you.
The ball python bites you but does no damage.
The ball python constricts you.
You hit the goblin.
You kill the goblin!
The ball python barely misses you. The ball python constricts you.
* * * LOW HITPOINT WARNING * * *
You escape the ball python's grasp.
You see here a +0 dagger.
The ball python closely misses you. The ball python grabs you.
The ball python constricts you.
* * * LOW HITPOINT WARNING * * *
The ball python bites you.
You die...

####### ## ##.......
.####...### #.########
..........#.#....S...#
#####...#.......@)†#.#
##..###.#..###.# #
#..###.#. #.# #......# #.#
# ######.######## #.#.#
.#.........#..####.#.#
#...........#.#......#
.....#.#..†..###.#.###
.....#.#......#....########


You could see a ball python.

Vanquished Creatures
  A giant cockroach (D:1)
  A goblin (D:1)
  2 frilled lizards (D:1)
4 creatures vanquished.

Notes
Turn   | Place    | Note
-------+----------+-------------------------------------------
     0 | D:1      | GigaChad the Djinni Transmuter began the quest for the Orb.
     0 | D:1      | Reached XP level 1. HP: 17/17 MP: 0/0
    57 | D:1      | Found Hiluwk's Weapon Boutique.
   169 | D:1      | Slain by a ball python

Illustrated notes

Levels and vault maps discovered:
D:1:      matt_arrival_grand_opening, layout_loops_corners, serial_shops,
          nicolae_shop_hallway_stairs

Action                   || total
-------------------------++-------
Melee: Unarmed           ||     9
       Headbutt          ||     1
 Cast: Beastly Appendage ||     2
Armor: Robe              ||     5
Dodge: Dodged            ||    12
